 Dungeon Crawl Stone Soup version 0.30-a0-360-g447f08457e (webtiles) character file.

Game seed: 4758276439595220694

193 runemasterragnar the Conjurer (level 5, -2/29 HPs)
             Began as a Deep Elf Conjurer on Nov 13, 2022.
             Was a Follower of Vehumet.
             Killed from afar by Natasha (7 damage)
             ... with a puff of flame
             ... on level 3 of the Dungeon.
             The game lasted 00:04:41 (3339 turns).

runemasterragnar the Conjurer (Deep Elf Conjurer)   Turns: 3339, Time: 00:04:42

Health: -2/29      AC:  3    Str:  4    XL:     5   Next: 43%
Magic:  7/13       EV: 13    Int: 25    God:    Vehumet [*.....]
Gold:   182        SH:  0    Dex: 13    Spells: 6/12 levels left

rFire   . . .      SeeInvis .    (no weapon)
rCold   . . .      Faith    .    (no shield)
rNeg    . . .      Spirit   .    a - +1 robe
rPois   .          Reflect  .    (no helmet)
rElec   .          Harm     .    (no cloak)
rCorr   .          Rampage  .    (no gloves)
Will    .....                    (no boots)
Stlth   ++........               (no amulet)
HPRegen 0.24/turn                (no ring)
MPRegen 0.13/turn                (no ring)

@: brilliant, attractive
A: no striking features
a: Renounce Religion


You were on level 3 of the Dungeon.
You worshipped Vehumet.
Vehumet was aware of your devotion.
You visited 1 branch of the dungeon, and saw 3 of its levels.

You collected 182 gold pieces.

Inventory:

Armour
 a - a +1 robe (worn)
Jewellery
 p - a ring of see invisible
Wands
 o - a wand of charming (2)
Scrolls
 c - 3 scrolls of identify {unknown}
 e - a scroll of blinking {unknown}
 f - a scroll of noise {unknown}
 h - a scroll of fog {unknown}
 i - a scroll of amnesia {unknown}
 j - 3 scrolls of vulnerability {unknown}
 n - a scroll of teleportation {unknown}
Potions
 g - a potion of lignification
 m - a potion of brilliance


   Skills:
 + Level 1.4 Fighting
 + Level 3.4 Dodging
 + Level 3.5 Stealth
 + Level 4.1 Spellcasting
 * Level 5.5 Conjurations
 + Level 1.3 Hexes


You had 6 spell levels left.
You knew the following spells:

 Your Spells              Type           Power      Damage    Failure   Level
a - Magic Dart            Conj           100%       1d8       1%          1
b - Searing Ray           Conj           98%        2d8       1%          2
c - Dazzling Flash        Conj/Hex       66%        N/A       6%          3

Your spell library contained the following spells:

 Spells                   Type           Power      Damage    Failure   Level
 Sandblast                Erth           14%        2d6       9%          1
 Fulminant Prism          Conj/Hex       16%        3d11      22%         4
 Iskenderun's Mystic Bla  Conj/Tloc      28%        2d7       28%         4


Dungeon Overview and Level Annotations

Branches:
Dungeon (3/15)

Altars:
Vehumet

Shops:
D:2 :![

Annotations:
D:3 Natasha


Message History

The adder zombie bites you but does no damage.
The hound skeleton bites you but does no damage.
Unknown command.
Casting: Magic Dart (safe; 1% risk of failure)
Confirm with . or Enter, or press ? or * to list all spells.
Aiming: Magic Dart (safe; 1% risk of failure)
Press: ? - help, Shift-Dir - straight line, f/p - hound skeleton
Aim: a hound skeleton (moderately damaged, 100% to hit)
You feel a surge of power!
The magic dart hits the hound skeleton.
The hound skeleton is moderately damaged.
The hound skeleton bites you but does no damage.
The adder zombie bites you but does no damage.
Casting: Magic Dart (safe; 1% risk of failure)
Confirm with . or Enter, or press ? or * to list all spells.
Aiming: Magic Dart (safe; 1% risk of failure)
Press: ? - help, Shift-Dir - straight line, f/p - hound skeleton
Aim: a hound skeleton (moderately damaged, 100% to hit)
You feel a surge of power!
The magic dart hits the hound skeleton.
The hound skeleton is heavily damaged.
You feel less wooden.
Your +1 robe unmelds from your body.
The hound skeleton barely misses you.
Natasha, Servant of Life and Death comes into view.
She is carrying a wand of flame (11).
The adder zombie barely misses you. The hound skeleton bites you.
* * * LOW HITPOINT WARNING * * *
Natasha is attracted toward you.
Unknown command.
Casting: Magic Dart (safe; 1% risk of failure)
Confirm with . or Enter, or press ? or * to list all spells.
Aiming: Searing Ray (safe; 1% risk of failure)
Press: ? - help, Shift-Dir - straight line, f - Natasha, p - hound skeleton
Aim: Natasha, carrying a wand of flame (11) (wandering, hasn't noticed you, 79% to hit)
You feel a surge of power!
The searing ray hits the adder zombie!
You destroy the adder zombie!
Vehumet accepts your kill.
The searing ray misses Natasha. (Press . to maintain the ray.) Natasha hisses angrily.
The hound skeleton barely misses you.
Natasha zaps a wand.
The puff of flame hits you!
You die...

#.♣ ♣♣.##.............. # #.♣
♣.##.............. #.♣ Z.
♣.##....§..#####.. ##♣
.Z.♣♣##)......# .. ##♣
....♣♣♣♣♣.....# #.♣♣
PP.....P♣♣h#+###
#..♣♣♣♣P......♣.....#
#.....♣♣♣P..........#
##...#.#♣♣♣♣♣Z@.....##. #...#.#
#.................... #...#.#
#..................##
#####.####..................##
###.......(...............##
#...............#.........##
#...............#.........##
#...............# #......##
####...............####......##


You could see Natasha and a hound skeleton.

Vanquished Creatures
  A jelly (D:3)
  Natasha (D:3)
  A scorpion zombie (D:3)
  Robin (D:2)
  2 adders (D:3)
  A spectral adder (D:3)
  An adder zombie (D:3)
  A worm (D:2)
  2 dart slugs
  9 orcs (D:3)
  4 ball pythons
  2 bats
  9 endoplasms
  9 goblins
  6 hobgoblins
  2 quokkas (D:2)
  4 frilled lizards
  A giant cockroach zombie (D:3)
  6 kobolds
  5 rats (D:2)
68 creatures vanquished.

Vanquished Creatures (others)
  22 withered plants (D:3)
22 creatures vanquished.

Grand Total: 90 creatures vanquished

Notes
Turn   | Place    | Note
-------+----------+-------------------------------------------
     0 | D:1      | runemasterragnar the Deep Elf Conjurer began the quest for
                  | the Orb.
     0 | D:1      | Reached XP level 1. HP: 10/10 MP: 6/6
   247 | D:1      | Reached XP level 2. HP: 15/15 MP: 2/8
  1048 | D:2      | Learned a level 2 spell: Searing Ray
  1152 | D:2      | Found Leshevecopt's Antique Armour Shop.
  1172 | D:2      | Reached XP level 3. HP: 20/20 MP: 5/9
  1430 | D:2      | Found a radiant altar of Vehumet.
  1430 | D:2      | Noticed Robin
  1511 | D:2      | Found Pissistre's Book Shop.
  1710 | D:2      | Found Vairev's Distillery.
  1725 | D:2      | Became a worshipper of Vehumet
  1840 | D:2      | Killed Robin
  1841 | D:2      | Reached skill level 5 in Conjurations
  2367 | D:2      | Learned a level 3 spell: Dazzling Flash
  2375 | D:3      | Reached XP level 4. HP: 24/24 MP: 7/11
  2380 | D:3      | Reached skill level 1 in Fighting
  3062 | D:3      | Found a faded altar of an unknown god.
  3066 | D:3      | Reached * piety under Vehumet
  3066 | D:3      | Offered knowledge of Sandblast by Vehumet.
  3218 | D:3      | Reached skill level 1 in Hexes
  3218 | D:3      | Reached XP level 5. HP: 29/29 MP: 8/13
  3305 | D:3      | Noticed Natasha
  3307 | D:3      | Found the +4 dagger "Morg" {pain, Will+ Int+5}
  3318 | D:3      | Killed Natasha
  3338 | D:3      | Noticed Natasha
  3339 | D:3      | Killed from afar by Natasha

Illustrated notes

Levels and vault maps discovered:
D:1:      grunt_arrival_lava_bath, layout_loops_ring, serial_bayou_pond_e
D:2:      minmay_inner_zag, layout_loops_corners, basic_altar, serial_shops,
          nicolae_shop_hallway_stairs, nicolae_shop_statue_plus,
          nicolae_shop_hallway_plus, uniq_robin
D:3:      layout_basic, hellmonk_ecumenical_altar_pennies_from_heaven,
          nicolae_concentric_dashed_squares_wild, grunt_ministairs_1,
          dilly_guarded_unrand_morg

Skill      XL: |  1  2  3  4 |
---------------+-------------+-----
Stealth        | 3 |  3.5
Dodging        | 3 |  3.4
Conjurations   | 5 |  5.5
Fighting       | 1 |  1.4
Spellcasting   | 4 |  4.1
Hexes          | 1 |  1.3

Action                   |  1- 3 |  4- 6 || total
-------------------------+-------+-------++-------
Melee: Unarmed           |       |     2 ||     2
 Cast: Magic Dart        |    71 |    40 ||   111
       Searing Ray       |     4 |     4 ||     8
  Use: Scroll            |     1 |     1 ||     2
       Potion            |       |     5 ||     5
Armor: Robe              |     1 |     1 ||     2
       Skin              |       |    52 ||    52
Dodge: Dodged            |     4 |    17 ||    21

Table legend: (Time is in decaauts)
 A = Elapsed time spent in this place.
 B = Non-inter-level travel time spent in this place.
 C = Inter-level travel time spent in this place.
 D = Time resting spent in this place.
 E = Time spent auto-exploring this place.
 F = Levels seen in this place.
 G = Mean time per level.
                   A        B        C        D        E       F      G
               +--------+--------+--------+--------+--------+-----+--------+
         Total |   3351 |   3320 |     31 |    575 |   2461 |   3 | 1117.0 |
       Dungeon |   3351 |   3320 |     31 |    575 |   2461 |   3 | 1117.0 |
               +--------+--------+--------+--------+--------+-----+--------+

Top non-repeatable levels by time:
     D:2: 1840 daAuts
     D:1: 820 daAuts
     D:3: 690 daAuts
